 Dungeon Crawl Stone Soup version 0.27.1-34-g3ba077fa99 (webtiles) character file.

Game seed: 1731008386220795821

308 folkstorn the Shield-Bearer (level 6, -4/39 HPs)
             Began as a Gargoyle Fighter on Jan 16, 2022.
             Slain by a thrashing horror (6 damage)
             ... on level 1 of the Abyss.
             The game lasted 00:09:36 (3166 turns).

folkstorn the Shield-Bearer (Gargoyle Fighter)      Turns: 3166, Time: 00:09:37

Health: -4/39      AC: 12    Str: 21    XL:     6   Next: 40%
Magic:  6/6        EV:  8    Int:  9    God:
Gold:   232        SH:  9    Dex:  9    Spells: 5/5 levels left

rFire    . . .     SeeInvis .   a - +0 war axe
rCold    . . .     Faith    .   c - +0 kite shield
rNeg     + . .     Spirit   .   k - +2 ring mail {rPois}
rPois    ∞         Reflect  .   (no helmet)
rElec    +         Harm     .   (no cloak)
rCorr    +         Rampage  .   (no gloves)
Will     .....                  (no boots)
Stlth    ..........             (no amulet)
HPRegen  0.13/turn              m - ring of resist corrosion
MPRegen  0.10/turn              (no ring)

@: no status effects
A: sickness immunity, AC +4, negative energy resistance 1, electricity
resistance, torment resistance 1, petrification resistance
a: no special abilities


You were on level 1 of the Abyss.
You visited 1 branch of the dungeon, and saw 4 of its levels.
You visited the Abyss 1 time.
You also visited: Sewer.

You collected 232 gold pieces.

Inventory:

Hand Weapons
 a - a +0 war axe (weapon)
Armour
 c - a +0 kite shield (worn)
 k - a +2 ring mail of poison resistance (worn)
Jewellery
 m - a ring of resist corrosion (left hand)
Scrolls
 b - a scroll of immolation {unknown}
 f - 3 scrolls of identify
 g - a scroll of brand weapon {unknown}
 i - a scroll of fog {unknown}
 j - a scroll of amnesia {unknown}
 l - a scroll of fear {unknown}
 n - a scroll of enchant armour {unknown}
 q - a scroll of noise {unknown}
 s - a scroll of teleportation {unknown}
 t - a scroll of blinking {unknown}
Potions
 d - a potion of might
 e - 3 potions of flight
 h - a potion of invisibility
 o - a potion of heal wounds
 p - a potion of curing
 r - a potion of magic {unknown}


   Skills:
 + Level 4.5 Fighting
 * Level 3.9 Axes
 + Level 4.5 Armour
 + Level 4.5 Shields


You had 5 spell levels left.
You didn't know any spells.
Your spell library was empty.

Dungeon Overview and Level Annotations

Branches:
Dungeon (4/15)              Sewer (visited)
 Temple: D:4-7

Altars:
Makhleb
Trog

Shops:
D:3 =

Annotations:
D:2 1 runed translucent door, Crazy Yiuf
D:3 Sigmund
D:4 Edmund


Innate Abilities, Weirdness & Mutations

You are immune to sickness and miasma.
Your stone body is resilient. (AC +4)
You are immune to poison.
You resist negative energy. (rN+)
You are resistant to electric shocks. (rElec)
You are resistant to unholy torment.
You are immune to petrification.


Message History

You enter the shallow water.
Moving in this stuff is going to be slow.
The thrashing horror roars!
The small abomination hits you.
You block the thrashing horror's attack. x2
You see here 14 sling bullets.
You block the small abomination's attack.
The small abomination barely misses you.
The thrashing horror barely misses you.
You block the thrashing horror's attack.
The thrashing horror roars!
You block the thrashing horror's attack. x2
The thrashing horror roars!
The thrashing horror tramples you but does no damage.
The thrashing horror tramples you.
You hold your ground!
The thrashing horror roars!
You block the thrashing horror's attack. x2
The thrashing horror tramples you.
You stumble backwards!
The thrashing horror roars!
The thrashing horror tramples you!
* * * LOW HITPOINT WARNING * * *
You stumble backwards!
The thrashing horror roars!
The thrashing horror tramples you but does no damage.
You block the thrashing horror's attack.
The thrashing horror barely misses you.
The thrashing horror closely misses you.
The thrashing horror barely misses you. The thrashing horror tramples you.
* * * LOW HITPOINT WARNING * * *
You stumble backwards!
The thrashing horror roars!
You block the thrashing horror's attack. x4
The thrashing horror roars!
The thrashing horror barely misses you.
The thrashing horror tramples you but does no damage.
The thrashing horror roars!
The thrashing horror barely misses you.
The thrashing horror tramples you but does no damage.
The thrashing horror tramples you.
You die...

.# ... .# .. . ..
#...## ##. ..... # ..#
# ###...#. ..# #.
##.#....#####.# #
....#.#.##xX@# .##
##...........#
#.#......#..#.###.....#
#... ..#.#.#..# ##..##.
.## .##.#......# ...#
.. ##.# #..###....###.#
# ##......## .#### .
.###......# #.
#....#.#...# ..


You could see a thrashing horror and a small abomination.

Vanquished Creatures
  An ice beast (D:4)
  A kobold brigand (Sewer)
  A hound skeleton (D:4)
  2 gnolls
  2 adders
  A river rat (Sewer)
  3 worms (D:4)
  2 dart slugs (D:2)
  4 orcs
  12 ball pythons
  6 endoplasms
  4 giant cockroaches
  6 goblins
  2 hobgoblins
  2 jackals (Sewer)
  A quokka (D:2)
  6 bats
  5 frilled lizards
  3 kobolds
  A quokka skeleton (D:4)
  10 rats
75 creatures vanquished.

Vanquished Creatures (others)
  A fungus (D:1)
1 creature vanquished.

Grand Total: 76 creatures vanquished

Notes
Turn   | Place    | Note
-------+----------+-------------------------------------------
     0 | D:1      | folkstorn the Gargoyle Fighter began the quest for the Orb.
     0 | D:1      | Reached XP level 1. HP: 14/14 MP: 1/1
   204 | D:1      | Reached XP level 2. HP: 19/19 MP: 2/2
   438 | D:1      | Found a faded altar of an unknown god.
   685 | D:2      | Reached XP level 3. HP: 23/23 MP: 3/3
   730 | D:2      | Found a bloodstained altar of Trog.
  1384 | D:2      | Found a runed translucent door.
  1385 | D:2      | Noticed Crazy Yiuf
  1685 | D:3      | Found Daomp's Jewellery Shop.
  1698 | D:3      | Reached XP level 4. HP: 29/29 MP: 4/4
  1787 | D:3      | Noticed Sigmund
  1980 | D:3      | You fall into a shaft and drop 1 floor!
  2110 | D:3      | Found a burning altar of Makhleb.
  2218 | D:4      | Reached XP level 5. HP: 11/33 MP: 5/5
  2524 | D:4      | Found a glowing drain.
  2533 | Sewer    | Entered a sewer
  2709 | Sewer    | Noticed a kobold brigand
  2758 | Sewer    | Killed a kobold brigand
  2811 | Sewer    | Found a glowing silver altar of Zin.
  2965 | D:4      | Noticed an ice beast
  2978 | D:4      | Killed an ice beast
  2979 | D:4      | Reached XP level 6. HP: 39/39 MP: 6/6
  3063 | D:4      | Noticed Edmund
  3110 | D:4      | Cast into level 1 of the Abyss (Edmund)
  3142 | Abyss:1  | Noticed a small abomination
  3146 | Abyss:1  | Noticed a thrashing horror
  3166 | Abyss:1  | Slain by a thrashing horror

Illustrated notes

Levels and vault maps discovered:
D:1:      lightli_arrival_statuegarden, layout_rooms,
          dreamdust_ecumenical_altar_grove
D:2:      layout_loops_ring, basic_altar, mrwooster_statue_mirror,
          uniq_crazy_yiuf_cottage
D:3:      layout_basic, general_overflow_altar, serial_shops, shop, uniq_sigmund
D:4:      layout_loops_ring, tso_altar, nicolae_uskayaw_dance_hall,
          gammafunk_ghost_nasty_kobolds, gup_sewer_entry_spiral,
          chequers_serial_rivers_small_3, small_statue_alley_b, uniq_edmund
Abyss:1:  base:
D:4

Skill      XL: |  1  2  3  4 |
---------------+-------------+-----
Axes           | 2 3 |  3.9
Fighting       | 4 |  4.5
Armour         | 4 |  4.5
Shields        | 4 |  4.5

Action                   |  1- 3 |  4- 6 || total
-------------------------+-------+-------++-------
Melee: War axe           |   135 |   127 ||   262
  Use: Scroll            |     1 |       ||     1
       Potion            |       |     2 ||     2
Armor: Scale mail        |    78 |    30 ||   108
       Ring mail         |       |    46 ||    46
       Skin              |       |     2 ||     2
Dodge: Dodged            |    54 |    62 ||   116
Block: Kite shield       |    85 |    97 ||   182
